 Dungeon Crawl Stone Soup version 0.31-a0-256-g80acddb972 (webtiles) character file.

Game seed: 12677797965884235712

28 Morbidden the Conjurer (level 3, 21/26 HPs)
             Began as a Demonspawn Conjurer on July 13, 2023.
             Quit the game on level 2 of the Dungeon.
             The game lasted 00:00:51 (1024 turns).

Morbidden the Conjurer (Demonspawn Conjurer)        Turns: 1024, Time: 00:00:52

Health: 21/26      AC:  5    Str:  7    XL:     3   Next: 0%
Magic:  0/6        EV: 12    Int: 21    God:
Gold:   55         SH:  0    Dex: 11    Spells: 5/6 levels left

rFire   . . .        (no weapon)
rCold   . . .        (no shield)
rNeg    . . .        a - +0 robe
rPois   .            (no helmet)
rElec   .            h - +2 cloak
rCorr   .            (no gloves)
SInv    .            (no boots)
Will    .....        (no amulet)
Stlth   ++           (no ring)
HPRegen 0.24/turn    (no ring)
MPRegen 0.10/turn

%: no passive effects
@: no status effects
A: powered by pain 1
a: no special abilities


You were on level 2 of the Dungeon.
You visited 1 branch of the dungeon, and saw 2 of its levels.

You collected 55 gold pieces.

Inventory:

Armour
 a - a +0 robe (worn)
 h - a +2 cloak (worn)
Scrolls
 d - a scroll of teleportation {unknown}
 e - a scroll of torment {unknown}
 i - a scroll of silence {unknown}
Potions
 b - a potion of magic
 c - a potion of resistance {unknown}
 f - a potion of might {unknown}
 g - a potion of degeneration {unknown}


   Skills:
 * Level 1.3 Fighting
 * Level 1.9 Dodging
 + Level 1.7 Stealth
 * Level 0.2 Unarmed Combat
 * Level 2.3 Spellcasting
 * Level 4.3 Conjurations


You had 5 spell levels left.
You knew the following spells:

 Your Spells              Type           Power      Damage    Failure   Level
a - Magic Dart            Conj           80%        1d7       2%          1

Your spell library contained the following spells:

 Spells                   Type           Power      Damage    Failure   Level
 Searing Ray              Conj           40%        2d5       3%          2
 Dazzling Flash           Conj/Hex       22%        N/A       19%         3
 Fulminant Prism          Conj/Hex       5%         3d6       52%         4
 Iskenderun's Mystic Bla  Conj/Tloc      11%        2d4       52%         4


Dungeon Overview and Level Annotations

Branches:
Dungeon (2/15)

Altars:


Innate Abilities, Weirdness & Mutations

You sometimes gain a little power by taking damage.


Message History

The magic dart hits the dart slug but does no damage.
The dart slug is severely wounded.
The dart slug barely misses you.
A dart slug is nearby!
Casting: Magic Dart (safe; 2% risk of failure)
Confirm with . or Enter, or press ? or * to list all spells.
You don't have enough magic to cast this spell.
Casting: Magic Dart (safe; 2% risk of failure)
Confirm with . or Enter, or press ? or * to list all spells.
You don't have enough magic to cast this spell.
A dart slug is nearby!
Casting: Magic Dart (safe; 2% risk of failure)
Confirm with . or Enter, or press ? or * to list all spells.
You don't have enough magic to cast this spell.
A dart slug is nearby!
Unknown command.
Casting: Magic Dart (safe; 2% risk of failure)
Confirm with . or Enter, or press ? or * to list all spells.
You don't have enough magic to cast this spell.
A dart slug is nearby!
You hit the dart slug but do no damage.
The dart slug is severely wounded.
You hit the dart slug.
The dart slug is severely wounded.
The dart slug launches a dart at you. The slug dart hits you.
You hit the dart slug but do no damage.
The dart slug is severely wounded.
The dart slug launches a dart at you. The slug dart misses you.
You hit the dart slug.
The dart slug is almost dead.
You hit the dart slug.
You kill the dart slug!
You have reached level 3!
Your experience leads to an increase in your attributes!
Increase (S)trength, (I)ntelligence, or (D)exterity?
You feel clever. x2
Unknown command.
Are you sure you want to abandon this character and quit the game? (Confirm with "yes".)

..~~~~...#
..†~~~⌠..#
..~)~~...##
..........####.
.....^.........
######...###.w.
##..# #†.## .
#@..# ...
##..#.....
#........
#......###
#.#....... <.
....... #.#
....... #.
....... #.
.......


There were no monsters in sight!

Vanquished Creatures
  An adder (D:1)
  2 dart slugs
  A bat (D:2)
  An endoplasm (D:2)
  2 giant cockroaches (D:1)
  A goblin (D:2)
  A hobgoblin (D:1)
  2 quokkas (D:1)
  A frilled lizard (D:2)
  A kobold (D:1)
  2 rats
15 creatures vanquished.

Notes
Turn   | Place    | Note
-------+----------+-------------------------------------------
     0 | D:1      | Morbidden the Demonspawn Conjurer began the quest for the
                  | Orb.
     0 | D:1      | Reached XP level 1. HP: 13/13 MP: 3/3
   109 | D:1      | Reached skill level 1 in Fighting
   783 | D:2      | Gained mutation: You sometimes gain a little power by
                  | taking damage. [demonic ancestry]
   783 | D:2      | Reached XP level 2. HP: 21/21 MP: 1/5
  1024 | D:2      | Reached XP level 3. HP: 21/26 MP: 0/6
  1024 | D:2      | Quit the game

Illustrated notes

Levels and vault maps discovered:
D:1:      doesnt_arrival_eight_statues, layout_basic
D:2:      layout_rooms, serial_park_tiny_pond, kennysheep_path_1

Skill      XL: |  1 |
---------------+----+-----
Fighting       | 1 |  1.3
Dodging        | |  1.9
Stealth        | |  1.7
Unarmed Combat | |  0.2
Spellcasting   | |  2.3
Conjurations   | |  4.3

Action                     || total
---------------------------++-------
  Melee: Unarmed           ||    38
   Cast: Magic Dart        ||    30
 Armour: Robe              ||    26
  Dodge: Dodged            ||    40

Table legend: (Time is in decaauts)
 A = Elapsed time spent in this place.
 B = Non-inter-level travel time spent in this place.
 C = Inter-level travel time spent in this place.
 D = Time resting spent in this place.
 E = Time spent auto-exploring this place.
 F = Levels seen in this place.
 G = Mean time per level.
                   A        B        C        D        E       F      G
               +--------+--------+--------+--------+--------+-----+--------+
         Total |   1025 |    941 |     84 |     97 |    707 |   2 |  512.5 |
       Dungeon |   1025 |    941 |     84 |     97 |    707 |   2 |  512.5 |
               +--------+--------+--------+--------+--------+-----+--------+

Top non-repeatable levels by time:
     D:1: 919 daAuts
     D:2: 105 daAuts
